 Dungeon Crawl Stone Soup version 0.26-a0-501-g5717042 (webtiles) character file.

Game seed: 3944684999829306996

160 robertstho the Chiller (level 5, -12/29 HPs)
             Began as a Deep Elf Ice Elementalist on Aug 7, 2020.
             Was an Initiate of Sif Muna.
             Mangled by an ice beast (14 damage)
             ... on level 4 of the Dungeon.
             The game lasted 00:06:35 (3928 turns).

robertstho the Chiller (Deep Elf Ice Elementalist)  Turns: 3928, Time: 00:06:36

Health: -12/29     AC:  4    Str:  2 (5)  XL:     5   Next: 17%
Magic:  13/13      EV: 13    Int: 19 (21) God:    Sif Muna [......]
Gold:   210        SH:  0    Dex: 12 (15) Spells: 1/12 levels left

rFire    . . .     SeeInvis .   d - +0 whip (flame)
rCold    . . .     Faith    .   (no shield)
rNeg     . . .     Spirit   .   a - +0 robe
rPois    .         Reflect  .   o - +0 helmet
rElec    .         Harm     .   (no cloak)
rCorr    .                      (no gloves)
MR       .....                  p - +0 pair of boots
Stlth    ++........             (no amulet)
HPRegen  0.09/turn              (no ring)
MPRegen  0.13/turn              (no ring)

@: very slightly contaminated, invisible
A: no striking features
a: Renounce Religion


You were on level 4 of the Dungeon.
You worshipped Sif Muna.
Sif Muna was noncommittal.
You visited 2 branches of the dungeon, and saw 5 of its levels.

You collected 210 gold pieces.

Inventory:

Hand Weapons
 d - a +0 whip of flaming (weapon)
 v - a +4 short sword
Missiles
 c - 8 boomerangs (quivered)
 r - 15 poisoned darts
Armour
 a - a +0 robe (worn)
 o - a +0 helmet (worn)
 p - a +0 pair of boots (worn)
Jewellery
 j - an uncursed ring of protection from cold {unknown}
 u - an uncursed ring of protection from cold {unknown}
Scrolls
 e - 6 scrolls of identify
 f - a scroll of fog {unknown}
 g - a scroll of teleportation {unknown}
 h - 3 scrolls of remove curse {unknown}
 l - 2 scrolls of immolation
 q - a scroll of fear {unknown}
 t - a scroll of amnesia {unknown}
 x - a scroll of magic mapping {unknown}
Potions
 k - a potion of invisibility
 m - a potion of brilliance {unknown}
 n - a potion of mutation {unknown}
 s - a potion of haste {unknown}
 w - a potion of heal wounds {unknown}


   Skills:
 * Level 1.0 Fighting
 + Level 0.5 Short Blades
 + Level 0.5 Maces & Flails
 + Level 2.8 Dodging
 * Level 3.3 Stealth
 * Level 4.1 Spellcasting
 * Level 5.6 Ice Magic


You had one spell level left.
You knew the following spells:

 Your Spells              Type           Power        Failure   Level
a - Freeze                Ice            ####         1%          1
b - Frozen Ramparts       Ice            ####..       4%          3
c - Ozocubu's Armour      Ice            ####....     4%          3
d - Hailstorm             Conj/Ice       ##......     38%         4

Your spell library contained the following spells:

 Spells                   Type           Power        Failure   Level
 Summon Ice Beast         Ice/Summ       ##......     38%         4


Dungeon Overview and Level Annotations

Branches:
Dungeon (4/15)             Temple (1/1) D:4

Altars:
Cheibriados
Dithmenos
Elyvilon
Kikubaaqudgha
Makhleb
Nemelex Xobeh
Okawaru
Ru
Sif Muna
Trog
Zin


Message History

The ice beast misses you.
You barely miss the ice beast. The ice beast hits you.
The ice beast freezes you!
You closely miss the ice beast. The ice beast hits you.
The ice beast freezes you!
* * * LOW HITPOINT WARNING * * *
You barely miss the ice beast. The ice beast closely misses you.
You hit the ice beast but do no damage.
The ice beast hits you but does no damage.
It was a potion of invisibility.
You fade into invisibility!
The ice beast misses you.
You are very lightly contaminated with residual magic.
As you read the scroll labeled ROEMIMMEGHO, it crumbles to dust.
It is a scroll of identify.
l - 2 scrolls of immolation The ice beast hits you.
* * * LOW HITPOINT WARNING * * *
The ice beast freezes you!
You die...

#.###.. #....##
.......######.....#
#...# #...........#
#...# ####........#
#...# ##.......#
#..# #......## #..#
##....## ##.##
##...## #@.#
###....#
##Y####......#
##....#####.#
##.### #.# #..# ##
#.### ##


You could see an ice beast.

Vanquished Creatures
  A hound skeleton (D:4)
  A gnoll (D:1)
  3 adders
  4 oozes
  An adder skeleton (D:4)
  2 worms
  4 dart slugs
  A leopard gecko (D:3)
  5 orcs (D:3)
  5 bats
  5 giant cockroaches
  6 goblins
  7 hobgoblins
  6 jackals
  8 kobolds
  7 frilled lizards
  7 rats
73 creatures vanquished.

Vanquished Creatures (others)
  An iguana (D:4)
  An orc (D:4)
  A giant cockroach (D:4)
  A frilled lizard (D:4)
4 creatures vanquished.

Grand Total: 77 creatures vanquished

Notes
Turn   | Place    | Note
-------+----------+-------------------------------------------
     0 | D:1      | robertstho the Deep Elf Ice Elementalist began the quest
                  | for the Orb.
     0 | D:1      | Reached XP level 1. HP: 10/10 MP: 6/6
   122 | D:1      | Reached XP level 2. HP: 12/15 MP: 4/8
   512 | D:1      | Reached skill level 5 in Ice Magic
   526 | D:1      | Reached XP level 3. HP: 20/20 MP: 5/9
  1408 | D:2      | Found an ancient bone altar of Kikubaaqudgha.
  1472 | D:2      | Found a faded altar of an unknown god.
  1735 | D:2      | Reached XP level 4. HP: 9/24 MP: 9/11
  2092 | D:2      | Found a white marble altar of Elyvilon.
  2096 | D:2      | Found a glowing silver altar of Zin.
  2097 | D:2      | Found an iron altar of Okawaru.
  2102 | D:2      | Found a bloodstained altar of Trog.
  2151 | D:2      | Learned a level 3 spell: Frozen Ramparts
  2222 | D:2      | Found a sparkling altar of Nemelex Xobeh.
  2434 | D:2      | Found a snail-covered altar of Cheibriados.
  2788 | D:3      | Found a burning altar of Makhleb.
  2788 | D:3      | Found a shadowy altar of Dithmenos.
  3231 | D:3      | Reached skill level 1 in Fighting
  3561 | D:4      | Found a staircase to the Ecumenical Temple.
  3618 | Temple   | Entered the Ecumenical Temple
  3628 | Temple   | Became a worshipper of Sif Muna the Loreminder
  3696 | D:4      | Reached XP level 5. HP: 27/29 MP: 9/13
  3873 | D:4      | Noticed an ice beast
  3885 | D:4      | Learned a level 3 spell: Ozocubu's Armour
  3890 | D:4      | Learned a level 4 spell: Hailstorm
  3928 | D:4      | Mangled by an ice beast

Illustrated notes

Levels and vault maps discovered:
D:1:      minmay_arrival_radiant_lines, layout_basic
D:2:      layout_loops_corners, minitemple, lemuel_coloured_pillars_altar,
          cheibriados_altar_1, chequers_ecumenical_altar_island, nrook_uturn,
          nemelex_spade_bored_becter
D:3:      layout_basic, gammafunk_temple_overflow_wave, minmay_quantized
D:4:      layout_layer_cave, minmay_temple_entry_ruins, xom_confusion_cloud
Temple:   dpeg_three_leaves_temple

Skill      XL: |  1  2  3  4 |
---------------+-------------+-----
Ice Magic      | 5 |  5.6
Stealth        | 3 |  3.3
Fighting       | 1 |  1.0
Spellcasting   | 4 |  4.1
Short Blades   | |  0.5
Maces & Flails | |  0.5
Dodging        | |  2.8

Action                   |  1- 3 |  4- 6 || total
-------------------------+-------+-------++-------
Melee: Unarmed           |     5 |       ||     5
       Whip              |    44 |    47 ||    91
       Short sword       |       |    22 ||    22
 Cast: Freeze            |    34 |    18 ||    52
       Frozen Ramparts   |       |     8 ||     8
  Use: Potion            |       |     3 ||     3
       Scroll            |       |     1 ||     1
 Stab: Sleeping          |     3 |     5 ||     8
       Distracted        |     1 |     1 ||     2
Armor: Robe              |     9 |    17 ||    26
Dodge: Dodged            |    57 |    57 ||   114

Table legend: (Time is in decaauts)
 A = Elapsed time spent in this place.
 B = Non-inter-level travel time spent in this place.
 C = Inter-level travel time spent in this place.
 D = Time resting spent in this place.
 E = Time spent auto-exploring this place.
 F = Levels seen in this place.
 G = Mean time per level.
                   A        B        C        D        E       F      G
               +--------+--------+--------+--------+--------+-----+--------+
         Total |   3938 |   3805 |    133 |    100 |   2987 |   5 |  787.6 |
       Dungeon |   3920 |   3795 |    125 |    100 |   2987 |   4 |  980.0 |
        Temple |     18 |     10 |      8 |      0 |      0 |   1 |   18.0 |
               +--------+--------+--------+--------+--------+-----+--------+

Top non-repeatable levels by time:
     D:2: 1324 daAuts
     D:1: 1295 daAuts
     D:3: 926 daAuts
     D:4: 372 daAuts
  Temple: 18 daAuts
